 Dungeon Crawl Stone Soup version 0.31-a0-986-g5e6e4ef867 (webtiles) character file.

Game seed: 18406965837443987319

12097 lessens the Nimble (level 11, -6/89 HPs)
             Began as a Gnoll Monk on Nov 14, 2023.
             Was a High Priest of Makhleb.
             Mangled by a tengu warrior
             ... wielding a +0 battleaxe
              (10 damage)
             ... on level 9 of the Dungeon.
             The game lasted 00:21:39 (12893 turns).

lessens the Nimble (Gnoll Monk)                    Turns: 12893, Time: 00:21:39

Health: -6/89      AC: 16    Str: 15    XL:     11   Next: 88%
Magic:  21/21      EV: 10    Int: 10    God:    Makhleb [*****.]
Gold:   422        SH:  0    Dex: 14    Spells: 23/23 levels left

rFire   . . .        N - +2 battleaxe
rCold   + . .        (shield currently unavailable)
rNeg    . . .        c - +0 chain mail
rPois   .            n - +1 helmet
rElec   .            t - +1 cloak
rCorr   .            z - +0 pair of gloves
SInv    .            (no boots)
Will    +....        (no amulet)
Stlth   +            g - ring of protection from cold
HPRegen 0.34/turn    w - ring of willpower
MPRegen 0.17/turn

%: no passive effects
@: no status effects
A: fangs 1, strong nose, distributed training
a: Renounce Religion, Minor Destruction, Lesser Servant of Makhleb, Major
Destruction, Greater Servant of Makhleb


You were on level 9 of the Dungeon.
You worshipped Makhleb.
Makhleb was extremely pleased with you.
You visited 1 branch of the dungeon, and saw 9 of its levels.

You collected 458 gold pieces.
You spent 36 gold pieces at shops.

Inventory:

Hand Weapons
 a - a +5 quarterstaff
 b - a +2 short sword of venom
 v - a +0 morningstar
 N - a +2 battleaxe (weapon)
 O - a +4 trident
 U - a +4 scimitar of flaming
Missiles
 f - 96 stones
 j - 13 poisoned darts (quivered)
 p - 5 boomerangs
Armour
 c - a +0 chain mail (worn)
 d - an orb of light
 n - a +1 helmet (worn)
 t - a +1 cloak (worn)
 y - a +0 ring mail of poison resistance
 z - a +0 pair of gloves (worn)
 A - a +0 robe
 C - a +0 leather armour of fire resistance
 H - +0 steam dragon scales
Jewellery
 g - a ring of protection from cold (left hand)
 w - a ring of willpower (right hand)
 S - a ring of ice
 T - a ring of fire
 V - an amulet of magic regeneration
Wands
 x - a wand of flame (71)
 I - a wand of mindburst (3)
 L - a wand of polymorph (9)
 W - a wand of digging (3)
Scrolls
 e - 6 scrolls of identify
 h - 8 scrolls of enchant weapon
 l - a scroll of noise
 B - a scroll of revelation {unknown}
 E - a scroll of silence {unknown}
 F - a scroll of fear {unknown}
 J - 3 scrolls of blinking {unknown}
 K - a scroll of enchant armour {unknown}
 M - a scroll of vulnerability {unknown}
Potions
 i - a potion of mutation {unknown}
 k - 3 potions of curing
 m - 2 potions of brilliance
 o - 2 potions of degeneration
 q - 2 potions of haste {unknown}
 r - 4 potions of enlightenment
 s - a potion of cancellation {unknown}
 u - a potion of lignification {unknown}
 D - a potion of magic {unknown}
 G - a potion of ambrosia
 P - a potion of might {unknown}
 Q - a potion of resistance {unknown}
Miscellaneous
 X - a phantom mirror


   Skills:
 + Level 9.5 Fighting
 + Level 6.8 Short Blades
 + Level 6.8 Long Blades
 + Level 9.5 Axes
 + Level 6.8 Maces & Flails
 + Level 6.8 Polearms
 + Level 6.8 Staves
 + Level 6.8 Ranged Weapons
 + Level 6.8 Throwing
 + Level 6.8 Armour
 + Level 9.5 Dodging
 + Level 6.8 Stealth
 + Level 6.8 Shields
 + Level 6.8 Unarmed Combat
 + Level 6.8 Spellcasting
 + Level 5.6 Conjurations
 + Level 5.6 Hexes
 + Level 5.6 Summonings
 + Level 5.6 Necromancy
 + Level 5.6 Translocations
 + Level 5.6 Transmutations
 + Level 5.6 Fire Magic
 + Level 5.6 Ice Magic
 + Level 5.6 Air Magic
 + Level 5.6 Earth Magic
 + Level 5.6 Poison Magic
 + Level 7.5 Invocations
 + Level 6.8 Evocations
 + Level 6.2 Shapeshifting


You had 23 spell levels left.
You didn't know any spells.
Your spell library contained the following spells:

 Spells                   Type           Power      Damage    Failure   Level
 Sublimation of Blood     Necr           14%        N/A       30%         2
 Wereblood                Tmut           14%        N/A       30%         2
 Summon Hydra             Summ           7%         N/A       100%        7


Dungeon Overview and Level Annotations

Branches:
Dungeon (9/15) Zot: 24438  Temple (0/1) D:6            Lair (0/5) D:8
    Orc: D:9-12

Altars:
Cheibriados
Dithmenos
Elyvilon
Makhleb
Uskayaw
Vehumet
Xom
Zin
The Shining One

Shops:
D:1 :(?:   D:6 [


Innate Abilities, Weirdness & Mutations

You have very sharp teeth.
Your uncanny sense of smell can sniff out nearby items.
Your experience applies equally to all skills.


Message History

The tengu warrior is lightly wounded.
You feel sick. The tengu warrior slips past you!
The tengu warrior hits you with a +0 battleaxe!
The tengu warrior pecks you but does no damage.
The tengu warrior claws you but does no damage.
The tengu warrior barely misses you.
The tengu warrior pecks you but does no damage.
The tengu warrior claws you but does no damage.
You miss the killer bee. You bite the killer bee.
The killer bee is lightly wounded.
You hit the tengu warrior but do no damage.
You feel sick.
You are no longer poisoned.
The killer bee stings you.
The killer bee stings you but does no damage.
The tengu warrior hits you with a +0 battleaxe!
The tengu warrior pecks you. The tengu warrior claws you.
* * * LOW HITPOINT WARNING * * *
The killer bee stings you but does no damage.
You miss the killer bee.
The killer bee is lightly wounded.
You miss the tengu warrior. The killer bee completely misses you.
The tengu warrior hits you with a +0 battleaxe!
* * * LOW HITPOINT WARNING * * *
The tengu warrior pecks you but does no damage.
The tengu warrior claws you but does no damage.
The killer bee stings you.
* * * LOW HITPOINT WARNING * * *
Okay, then.
You miss the killer bee.
The killer bee is lightly wounded.
You completely miss the tengu warrior. The killer bee barely misses you.
The killer bee closely misses you. The tengu warrior barely misses you.
The tengu warrior pecks you.
* * * LOW HITPOINT WARNING * * *
The tengu warrior claws you but does no damage.
The killer bee stings you.
* * * LOW HITPOINT WARNING * * *
The tengu warrior hits you with a +0 battleaxe!
You die...

#.....##..#..##.......#....
#....##..#.#..##......#.... ####
##...##..##.##..##.....'....
#....#....#..##...##..#.....#....
#..:.#....#.##..)%.##.#....)####y
#....'.....#...)#....#..........9
#'####....#.##..|..##.#.........c
..........#..##.Q.##..#..........
....###.####..##@##..##..........
... ∆#.# ##..#y#..##..........|
.. #.# ##..#..##............ .
#.# ##.....###.......... ∆ #.#
###.....##......... #.
#.......##........
#..####...##....... #..##
##..#....... .!.# #.#.......


You could see a tengu warrior (very poisoned) and a killer bee.

Vanquished Creatures
  A two-headed ogre (D:9)
  Erica (D:9)
  A skeletal warrior (D:9)
  A rime drake (D:7)
  A komodo dragon (D:6)
  2 trolls (D:9)
  A polar bear (D:8)
  Prince Ribbit (D:9)
  A hornet (D:7)
  2 shadows
  A wraith (D:8)
  Eustachio (D:5)
  2 wyverns
  11 yaks
  A steam dragon (D:6)
  5 ice beasts
  5 orc warriors
  2 sky beasts
  2 black bears
  3 wolves
  An ogre (D:5)
  3 centaurs
  4 kobold brigands
  4 bullfrogs
  3 scorpions
  A gnoll sergeant (D:9)
  17 wights
  19 killer bees
  2 howler monkeys (D:8)
  6 orc priests
  3 hounds
  A jelly (D:4)
  A sleepcap (D:6)
  A gnoll bouda (D:9)
  An iron imp (D:7)
  3 iguanas
  12 orc wizards
  Terence (D:2)
  Robin (D:2)
  7 adders
  18 gnolls
  2 shadow imps (D:6)
  2 white imps
  4 ufetubi (D:6)
  2 dart slugs
  27 orcs
  12 bats
  8 endoplasms
  A giant cockroach (D:3)
  16 goblins
  9 hobgoblins
  3 jackals (D:4)
  27 kobolds
  6 quokkas
  6 ball pythons
  2 frilled lizards
  3 rats
284 creatures vanquished.

Vanquished Creatures (collateral kills)
  A death knight (D:9)
1 creature vanquished.

Grand Total: 285 creatures vanquished

Notes
Turn   | Place    | Note
-------+----------+-------------------------------------------
     0 | D:1      | lessens the Gnoll Monk began the quest for the Orb.
     0 | D:1      | Reached XP level 1. HP: 23/23 MP: 1/1
    56 | D:1      | Found Sadgheap's Book Emporium.
    94 | D:1      | Found Barit's Magic Scroll Shop.
   108 | D:1      | Reached XP level 2. HP: 24/29 MP: 2/2
   349 | D:1      | Reached XP level 3. HP: 33/35 MP: 3/3
   469 | D:1      | Found Kecwuija's Antique Weapon Emporium.
   526 | D:1      | Reached skill level 1 in Invocations
   620 | D:1      | Bought a scroll of identify for 24 gold pieces
   620 | D:1      | Bought a scroll of noise for 12 gold pieces
   660 | D:1      | Found Joaddil's Book Boutique.
   993 | D:2      | Noticed Terence
  1023 | D:2      | Killed Terence
  1024 | D:2      | Reached skill level 1 in Short Blades
  1024 | D:2      | Reached skill level 1 in Long Blades
  1024 | D:2      | Reached skill level 1 in Maces & Flails
  1024 | D:2      | Reached skill level 1 in Polearms
  1024 | D:2      | Reached skill level 1 in Staves
  1024 | D:2      | Reached skill level 1 in Ranged Weapons
  1024 | D:2      | Reached skill level 1 in Throwing
  1024 | D:2      | Reached skill level 1 in Armour
  1024 | D:2      | Reached skill level 1 in Stealth
  1024 | D:2      | Reached skill level 1 in Shields
  1024 | D:2      | Reached skill level 1 in Unarmed Combat
  1024 | D:2      | Reached skill level 1 in Spellcasting
  1024 | D:2      | Reached skill level 1 in Evocations
  1024 | D:2      | Reached skill level 1 in Shapeshifting
  1024 | D:2      | Reached XP level 4. HP: 30/41 MP: 5/5
  1315 | D:2      | Noticed Robin
  1345 | D:2      | Killed Robin
  1346 | D:2      | Reached skill level 1 in Conjurations
  1346 | D:2      | Reached skill level 1 in Hexes
  1346 | D:2      | Reached skill level 1 in Summonings
  1346 | D:2      | Reached skill level 1 in Necromancy
  1346 | D:2      | Reached skill level 1 in Translocations
  1346 | D:2      | Reached skill level 1 in Transmutations
  1346 | D:2      | Reached skill level 1 in Fire Magic
  1346 | D:2      | Reached skill level 1 in Ice Magic
  1346 | D:2      | Reached skill level 1 in Air Magic
  1346 | D:2      | Reached skill level 1 in Earth Magic
  1346 | D:2      | Reached skill level 1 in Poison Magic
  2179 | D:3      | Reached XP level 5. HP: 43/47 MP: 5/7
  2964 | D:4      | Reached XP level 6. HP: 48/53 MP: 8/8
  3032 | D:4      | Found a shadowy altar of Dithmenos.
  3032 | D:4      | Found a burning altar of Makhleb.
  3037 | D:4      | Became a worshipper of Makhleb the Destroyer
  3037 | D:4      | Reached * piety under Makhleb
  3037 | D:4      | Reached ** piety under Makhleb
  4352 | D:5      | Entered Level 5 of the Dungeon
  4411 | D:5      | Noticed Eustachio
  4451 | D:5      | Killed Eustachio
  4452 | D:5      | Reached XP level 7. HP: 51/60 MP: 10/10
  4507 | D:5      | You fall into a shaft and drop 2 floors!
  4776 | D:7      | Reached XP level 8. HP: 67/67 MP: 12/12
  4828 | D:7      | Found a hide-covered altar of Uskayaw.
  5125 | D:7      | Noticed a hornet
  5134 | D:7      | Paralysed by a hornet for 2 turns
  5135 | D:7      | Killed a hornet
  5602 | D:5      | Reached XP level 9. HP: 73/73 MP: 14/14
  5603 | D:5      | Reached *** piety under Makhleb
  6505 | D:6      | Found a staircase to the Ecumenical Temple.
  6519 | D:6      | Found Quwady's Armour Shoppe.
  6760 | D:6      | Noticed a komodo dragon
  6769 | D:6      | Reached skill level 5 in Invocations
  6992 | D:6      | Killed a komodo dragon
  7161 | D:6      | Found a glowing silver altar of Zin.
  7161 | D:6      | Found a glowing golden altar of the Shining One.
  7162 | D:6      | Found a white marble altar of Elyvilon.
  7273 | D:7      | Identified the +3 quarterstaff of Woe {flame, *Slow rN+
                  | rCorr}
  7592 | D:7      | Found a snail-covered altar of Cheibriados.
  7858 | D:7      | Reached XP level 10. HP: 80/80 MP: 17/17
  8109 | D:7      | Reached skill level 5 in Short Blades
  8109 | D:7      | Reached skill level 5 in Long Blades
  8109 | D:7      | Reached skill level 5 in Maces & Flails
  8109 | D:7      | Reached skill level 5 in Polearms
  8109 | D:7      | Reached skill level 5 in Staves
  8109 | D:7      | Reached skill level 5 in Ranged Weapons
  8109 | D:7      | Reached skill level 5 in Throwing
  8109 | D:7      | Reached skill level 5 in Armour
  8109 | D:7      | Reached skill level 5 in Stealth
  8109 | D:7      | Reached skill level 5 in Shields
  8109 | D:7      | Reached skill level 5 in Unarmed Combat
  8109 | D:7      | Reached skill level 5 in Spellcasting
  8109 | D:7      | Reached skill level 5 in Evocations
  8261 | D:8      | Reached **** piety under Makhleb
  8454 | D:8      | Reached skill level 5 in Shapeshifting
  8917 | D:8      | Found a staircase to the Lair.
  9237 | D:8      | Reached XP level 11. HP: 77/78 MP: 19/19
  9331 | D:8      | Found a shimmering altar of Xom.
  9334 | D:8      | Found a shimmering altar of Xom.
  9335 | D:8      | Found a shimmering altar of Xom.
  9336 | D:8      | Found a shimmering altar of Xom.
  9340 | D:8      | Found a shimmering altar of Xom.
  9414 | D:8      | Reached skill level 5 in Conjurations
  9414 | D:8      | Reached skill level 5 in Hexes
  9414 | D:8      | Reached skill level 5 in Summonings
  9414 | D:8      | Reached skill level 5 in Necromancy
  9414 | D:8      | Reached skill level 5 in Translocations
  9414 | D:8      | Reached skill level 5 in Transmutations
  9414 | D:8      | Reached skill level 5 in Fire Magic
  9414 | D:8      | Reached skill level 5 in Ice Magic
  9414 | D:8      | Reached skill level 5 in Air Magic
  9414 | D:8      | Reached skill level 5 in Earth Magic
  9414 | D:8      | Reached skill level 5 in Poison Magic
  9732 | D:8      | Reached ***** piety under Makhleb
 10539 | D:9      | Found a radiant altar of Vehumet.
 11053 | D:9      | Noticed a death knight
 11364 | D:9      | HP: 2/87 [death knight/+0 battleaxe (20)]
 11371 | D:9      | HP: 2/87 [mirror damage (1)]
 11379 | D:9      | Killed a death knight
 11686 | D:9      | Noticed Prince Ribbit
 11691 | D:9      | Identified the ring of the Queen {AC+4 Int+3 Dex+2}
 11691 | D:9      | Noticed a tengu warrior
 11693 | D:9      | Noticed a two-headed ogre
 11778 | D:9      | Killed a two-headed ogre
 11957 | D:9      | Noticed Erica
 11975 | D:9      | Killed Erica
 11982 | D:9      | Killed Prince Ribbit
 12205 | D:9      | Noticed a skeletal warrior
 12231 | D:9      | Killed a skeletal warrior
 12871 | D:9      | Noticed a tengu warrior
 12893 | D:9      | HP: 4/89 [killer bee (4)]
 12893 | D:9      | Mangled by a tengu warrior

Illustrated notes

Levels and vault maps discovered:
D:1:      dpeg_arrival_shrine, layout_basic, serial_shops, shop, shop,
          nicolae_shop_behind_doors, nicolae_shop_peninsula,
          kennysheep_nondescript, chequers_serial_rivers_room_a, minmay_tall_x
D:2:      layout_loops_ring, uniq_robin, uniq_terence
D:3:      layout_loops_corners, nrook_loot_triangle, chequers_mini_garden
D:4:      layout_loops_corners, gammafunk_temple_overflow_elements,
          serial_co_window_serial, co_window_of_opportunity_a,
          co_window_paths_b, co_window_paths_a, co_window_corner_a,
          co_window_paths_b, co_window_corner_a, co_window_corner_a,
          co_window_paths_a, co_window_paths_a, co_window_broadway_a,
          co_window_2corner, co_window_broadway_c, co_window_corner_cb,
          co_window_of_opportunity_b, co_window_corner_b, co_window_corner_ca
D:5:      layout_basic, uniq_eustachio
D:6:      minmay_cornered_nines, layout_loops_ring, good_gods_temple_1,
          minmay_temple_entry_overgrown, serial_shops, shop, blue_anna_alchemist
D:7:      layout_loops_ring, nicolae_uskayaw_dance_studio, slow_altar_2,
          corexii_checkpoint, hangedman_decor_push, nicolae_elevator_lobby_plus
D:8:      layout_basic, xom_redecorated, hellmonk_lair_entry_icy
D:9:      minmay_the_grid_octo_triangle [minmay_the_grid_octo_odd_swirl,
          minmay_the_grid_octo_prize_star, minmay_the_grid_octo_clover],
          layout_irregular_city, mainiacjoe_overflow_six_doors_small,
          tgw_fedhas, minivault_24, uniq_prince_ribbit1, uniq_erica

Skill      XL: |  1  2  3  4  5  6  7  8  9 10 11 |
---------------+----------------------------------+-----
Invocations    | 1 2 3 4 5 6 7 |  7.5
Short Blades   | 1 2 3 4 5 6 |  6.8
Long Blades    | 1 2 3 4 5 6 |  6.8
Maces & Flails | 1 2 3 4 5 6 |  6.8
Polearms       | 1 2 3 4 5 6 |  6.8
Staves         | 1 2 3 4 5 6 |  6.8
Ranged Weapons | 1 2 3 4 5 6 |  6.8
Throwing       | 1 2 3 4 5 6 |  6.8
Armour         | 1 2 3 4 5 6 |  6.8
Stealth        | 1 2 3 4 5 6 |  6.8
Shields        | 1 2 3 4 5 6 |  6.8
Unarmed Combat | 1 2 3 4 5 6 |  6.8
Spellcasting   | 1 2 3 4 5 6 |  6.8
Evocations     | 1 2 3 4 5 6 |  6.8
Shapeshifting  | 1 2 3 4 5 6 |  6.2
Conjurations   | 1 2 3 4 5 |  5.6
Hexes          | 1 2 3 4 5 |  5.6
Summonings     | 1 2 3 4 5 |  5.6
Necromancy     | 1 2 3 4 5 |  5.6
Translocations | 1 2 3 4 5 |  5.6
Transmutations | 1 2 3 4 5 |  5.6
Fire Magic     | 1 2 3 4 5 |  5.6
Ice Magic      | 1 2 3 4 5 |  5.6
Air Magic      | 1 2 3 4 5 |  5.6
Earth Magic    | 1 2 3 4 5 |  5.6
Poison Magic   | 1 2 3 4 5 |  5.6
Fighting       | 7 8 9 |  9.5
Axes           | 7 8 9 |  9.5
Dodging        | 7 8 9 |  9.5

Action                     |  1- 3 |  4- 6 |  7- 9 | 10-12 || total
---------------------------+-------+-------+-------+-------++-------
  Melee: Hand axe          |    71 |    48 |       |       ||   119
         Bite              |    12 |    26 |    49 |    78 ||   165
         War axe           |       |    54 |       |       ||    54
         Quarterstaff      |       |    39 |   231 |   211 ||   481
         Dagger            |       |    22 |       |       ||    22
         Short sword       |       |       |   133 |   338 ||   471
         Punch             |       |       |     8 |    24 ||    32
         Battleaxe         |       |       |       |    19 ||    19
         Scimitar          |       |       |       |    18 ||    18
         Trident           |       |       |       |     9 ||     9
  Throw: Dart              |     6 |     5 |    14 |    48 ||    73
         Boomerang         |       |     9 |     7 |    37 ||    53
 Invoke: Lesser Servant of |       |       |     1 |     1 ||     2
  Evoke: Wand              |       |       |       |     7 ||     7
    Use: Potion            |     1 |       |       |       ||     1
         Scroll            |       |       |     6 |     2 ||     8
 Armour: Robe              |    41 |       |       |       ||    41
         Chain mail        |       |   123 |   276 |   574 ||   973
  Dodge: Dodged            |    67 |    62 |   119 |   304 ||   552

Table legend: (Time is in decaauts)
 A = Elapsed time spent in this place.
 B = Non-inter-level travel time spent in this place.
 C = Inter-level travel time spent in this place.
 D = Time resting spent in this place.
 E = Time spent auto-exploring this place.
 F = Levels seen in this place.
 G = Mean time per level.
                   A        B        C        D        E       F      G
               +--------+--------+--------+--------+--------+-----+--------+
         Total |  12782 |  12156 |    626 |   1315 |   8213 |   9 | 1420.2 |
       Dungeon |  12782 |  12156 |    626 |   1315 |   8213 |   9 | 1420.2 |
               +--------+--------+--------+--------+--------+-----+--------+

Top non-repeatable levels by time:
     D:7: 2113 daAuts
     D:8: 2063 daAuts
     D:9: 1988 daAuts
     D:4: 1621 daAuts
     D:6: 1595 daAuts
     D:3: 951 daAuts
     D:2: 923 daAuts
     D:1: 866 daAuts
     D:5: 658 daAuts

Levels and vault maps discovered:
D:1:      dpeg_arrival_shrine, layout_basic, serial_shops, shop, shop,
          nicolae_shop_behind_doors, nicolae_shop_peninsula,
          kennysheep_nondescript, chequers_serial_rivers_room_a, minmay_tall_x
D:2:      layout_loops_ring, uniq_robin, uniq_terence
D:3:      layout_loops_corners, nrook_loot_triangle, chequers_mini_garden
D:4:      layout_loops_corners, gammafunk_temple_overflow_elements,
          serial_co_window_serial, co_window_of_opportunity_a,
          co_window_paths_b, co_window_paths_a, co_window_corner_a,
          co_window_paths_b, co_window_corner_a, co_window_corner_a,
          co_window_paths_a, co_window_paths_a, co_window_broadway_a,
          co_window_2corner, co_window_broadway_c, co_window_corner_cb,
          co_window_of_opportunity_b, co_window_corner_b, co_window_corner_ca
D:5:      layout_basic, uniq_eustachio
D:6:      minmay_cornered_nines, layout_loops_ring, good_gods_temple_1,
          minmay_temple_entry_overgrown, serial_shops, shop, blue_anna_alchemist
D:7:      layout_loops_ring, nicolae_uskayaw_dance_studio, slow_altar_2,
          corexii_checkpoint, hangedman_decor_push, nicolae_elevator_lobby_plus
D:8:      layout_basic, xom_redecorated, hellmonk_lair_entry_icy
D:9:      minmay_the_grid_octo_triangle [minmay_the_grid_octo_odd_swirl,
          minmay_the_grid_octo_prize_star, minmay_the_grid_octo_clover],
          layout_irregular_city, mainiacjoe_overflow_six_doors_small,
          tgw_fedhas, minivault_24, uniq_prince_ribbit1, uniq_erica
